 Dungeon Crawl Stone Soup version 0.29-a0-334-gb41bcbb86e (webtiles) character file.

Game seed: 11372086001003022471

88687 Murumi the Bludgeoner (level 15, -1/141 HPs)
             Began as a Minotaur Fighter on Apr 14, 2022.
             Was the Champion of Okawaru.
             Slain by a two-headed ogre
             ... wielding a +0 giant club
              (19 damage)
             ... while paralysed by an ogre mage
             ... on level 13 of the Dungeon on Apr 15, 2022.
             The game lasted 01:14:03 (24785 turns).

Murumi the Bludgeoner (Minotaur Fighter)           Turns: 24785, Time: 01:14:05

Health: -1/141     AC: 36    Str: 32    XL:     15   Next: 47%
Magic:  0/18       EV:  2    Int:  2    God:    Okawaru [******]
Gold:   2227       SH:  0    Dex: 15    Spells: 14/14 levels left

rFire   + . .      SeeInvis .   a - +1 eveningstar (vorpal)
rCold   + . .      Faith    .   D - +0 tower shield
rNeg    . . .      Spirit   +   E - +6 crystal plate armour of Calculation {rPois Stlth+}
rPois   +          Reflect  .   c - +2 hat {Stlth+}
rElec   .          Harm     .   K - scarf {rC+ rF+}
rCorr   .          Rampage  +   x - +0 pair of gloves of Absence {rPois Str+3 Int-3}
Will    +....                   M - +2 pair of boots {rampage}
Stlth   ..........              H - amulet of guardian spirit
HPRegen 0.33/turn               g - +6 ring of strength
MPRegen 0.16/turn               O - +4 ring of evasion

@: paralysed, engulfed (cannot breathe), studying Dodging
A: horns 2, retaliatory headbutt
a: Renounce Religion, Heroism, Finesse, Duel


You were on level 13 of the Dungeon.
You worshipped Okawaru.
Okawaru was exalted by your worship.
You visited 3 branches of the dungeon, and saw 21 of its levels.
You also visited: Bailey and Gauntlet.

You collected 2540 gold pieces.
You spent 313 gold pieces at shops.

Inventory:

Hand Weapons
 a - a +1 vorpal eveningstar (weapon)
Missiles
 v - a throwing net (quivered)
Armour
 c - a +2 hat of stealth (worn)
 x - the +0 pair of gloves of Absence (worn) {rPois Str+3 Int-3}
   (You found it on level 8 of the Dungeon)

   Str:       It affects your strength (+3).
   Int:       It affects your intelligence (-3).
   rPois:     It protects you from poison.
 D - a +0 tower shield (worn)
 E - the +6 crystal plate armour of Calculation (worn) {rPois Stlth+}
   (Okawaru gifted it to you on level 10 of the Dungeon)

   rPois:     It protects you from poison.
   Stlth:     It makes you more stealthy.
 K - a scarf of resistance (worn)
 M - a +2 pair of boots of rampaging (worn)
Jewellery
 d - a ring of protection from fire
 g - a +6 ring of strength (left hand)
 r - a ring of flight
 z - a ring of willpower
 H - an amulet of guardian spirit (around neck)
 O - a +4 ring of evasion (right hand)
Wands
 k - a wand of digging (11)
 n - a wand of mindburst (24)
 p - a wand of flame (84)
 s - a wand of polymorph (15)
 u - a wand of iceblast (11)
 y - a wand of paralysis (16)
 J - a wand of acid (8)
Scrolls
 o - a scroll of holy word
 t - 3 scrolls of silence
 w - 4 scrolls of fear
 B - 5 scrolls of amnesia
 F - 5 scrolls of teleportation
 G - 13 scrolls of identify
 L - a scroll of magic mapping
 Q - a scroll of fog
Potions
 b - 7 potions of cancellation
 e - 6 potions of curing
 f - 7 potions of mutation
 h - 3 potions of resistance
 i - 3 potions of brilliance
 j - 6 potions of heal wounds
 l - 3 potions of haste
 m - 3 potions of attraction
 q - 9 potions of might
 A - 3 potions of flight
 P - a potion of berserk rage
Miscellaneous
 C - a condenser vane
 I - a tin of tremorstones (1/2)
 N - a piece from Xom's chessboard (15/15)


   Skills:
 - Level 15.0 Fighting
 - Level 16.0 Maces & Flails
 - Level 15.0 Armour
 - Level 13.0 Dodging
 + Level 15.5 Shields
 - Level 6.0 Invocations
 - Level 5.0 Evocations


You had 14 spell levels left.
You didn't know any spells.
Your spell library contained the following spells:

 Spells                   Type           Power      Damage    Failure   Level
 Freeze                   Ice            0%         1d3       100%        1
 Pain                     Necr           0%         1d4       100%        1
 Blink                    Tloc           0%         N/A       100%        2
 Ensorcelled Hibernation  Hex/Ice        0%         N/A       100%        2
 Passwall                 Tmut/Erth      0%         N/A       100%        2
 Static Discharge         Conj/Air       0%         N/A       100%        2
 Frozen Ramparts          Ice            0%         1d2       100%        3
 Gell's Gravitas          Tloc           0%         N/A       100%        3
 Lesser Beckoning         Tloc           0%         N/A       100%        3
 Portal Projectile        Hex/Tloc       0%         N/A       100%        3
 Swiftness                Air            0%         N/A       100%        3
 Teleport Other           Tloc           0%         N/A       100%        3
 Vampiric Draining        Necr           0%         2d6       100%        3
 Airstrike                Air            0%         N/A       100%        4
 Dispel Undead            Necr           0%         3d6       100%        4
 Hailstorm                Conj/Ice       0%         3d3       100%        4
 Leda's Liquefaction      Hex/Erth       0%         N/A       100%        4
 Passage of Golubria      Tloc           0%         N/A       100%        4
 Sticky Flame             Conj/Fire      0%         2d3       100%        4
 Blade Hands              Tmut           0%         N/A       100%        5
 Excruciating Wounds      Necr           0%         N/A       100%        5
 Fireball                 Conj/Fire      0%         3d3       100%        5
 Iskenderun's Battlesphe  Conj           0%         2d6       100%        5
 Lee's Rapid Deconstruct  Erth           0%         3d5*      100%        5
 Lightning Bolt           Conj/Air       0%         1d11      100%        5
 Manifold Assault         Tloc           0%         N/A       100%        5
 Silence                  Hex/Air        0%         N/A       100%        5
 Conjure Ball Lightning   Conj/Air       0%         3x3d6     100%        6
 Dispersal                Tloc           0%         N/A       100%        6
 Statue Form              Tmut/Erth      0%         N/A       100%        6
 Orb of Destruction       Conj           0%         9d5       100%        7
 Lehudib's Crystal Spear  Conj/Erth      0%         10d2      100%        8
 Animate Skeleton         Necr           Unusable   N/A       N/A         1
 Summon Lightning Spire   Summ/Air       Unusable   N/A       N/A         4

Dungeon Overview and Level Annotations

Branches:
Dungeon (13/15)            Temple (0/1) D:6            Lair (6/6) D:11
 Shoals (0/4) Lair:2       Spider (0/4) Lair:3        Slime (0/5) Lair:5
    Orc (2/2) D:11            Elf (0/3) Orc:2        Bailey (visited)
Gauntlet (visited)
 Vaults: D:13-14

Altars:
Cheibriados
Dithmenos
Elyvilon
Hepliaklqana
Okawaru
Qazlal
Trog
Wu Jian
Xom
Yredelemnul
Beogh
Jiyva
Lugonu

Shops:
D:6 *   D:7 *   D:8 (   D:10 [   Orc:2 =([(

Portals:
Abyss: Lair:1


Innate Abilities, Weirdness & Mutations

You have a pair of horns on your head.
You reflexively headbutt those who attack you in melee.


Message History

The ogre mage gestures at you while chanting.
You suddenly lose the ability to move!
The tengu conjurer hits you but does no damage.
The tengu conjurer pecks you.
The tengu conjurer claws you but does no damage.
The water elemental hits you.
Your lungs strain for air!
The ogre mage gestures wildly while chanting.
The ogre mage flickers and vanishes!
Deactivating autopickup; reactivate with Ctrl-A.
The ogre hits you with a +0 giant spiked club!!
The two-headed ogre barely misses you.
The two-headed ogre hits you but does no damage.
The tengu conjurer hits you.
The tengu conjurer pecks you but does no damage.
The tengu conjurer barely misses you. The water elemental hits you.
Your lungs strain for air!
Something hits you but does no damage.
The tengu conjurer hits you but does no damage.
The tengu conjurer pecks you but does no damage.
The tengu conjurer claws you but does no damage.
The ogre hits you but does no damage.
The two-headed ogre hits you with a +0 giant club!
* * * LOW HITPOINT WARNING * * *
The two-headed ogre hits you with a +0 giant club.
* * * LOW HITPOINT WARNING * * *
The water elemental completely misses you.
* * * LOW HITPOINT WARNING * * *
Your lungs strain for air!
Something hits you.
* * * LOW HITPOINT WARNING * * *
The water elemental hits you.
* * * LOW HITPOINT WARNING * * *
Your lungs strain for air!
The tengu conjurer gestures wildly while chanting.
The tengu conjurer conjures a globe of magical energy!
The two-headed ogre hits you with a +0 giant club.
* * * LOW HITPOINT WARNING * * *
The two-headed ogre hits you with a +0 giant club!!
You die...

........##..
..#........
##.#........
###....*.#....
.............
####...Q.......
......*Q)......
......!@O#
......O{E......
.###...........
#.....).....
#..#........
#..#####.#.≈
#.. .# . #.. #


You could see a two-headed ogre, a water elemental, 2 tengu conjurers, an ogre
and 2 battlespheres.

Vanquished Creatures
  Saint Roka (Orc:2)
  Frances (D:13)
  Gastronok (D:10)
  2 deep elf sorcerers (Orc:1)
  An orc warlord (Orc:1)
  2 deep elf elementalists (Orc:1)
  A stone giant (Orc:1)
  A dire elephant (Gauntlet)
  A minotaur (Gauntlet)
  A fire dragon (Lair:6)
  A catoblepas (Lair:6)
  8 hydras
  8 two-headed ogres
  A death scarab (Gauntlet)
  9 death yaks
  Urug (D:10)
  5 orc high priests
  Nergalle (D:10)
  A swamp dragon (Lair:6)
  2 oklob plants
  2 orc knights (Orc:1)
  2 deep elf pyromancers (Orc:1)
  3 ugly things (D:11)
  2 deep elf zephyrmancers (Orc:1)
  3 orc sorcerers (Orc:2)
  2 cyclopes
  16 elephants
  Maurice (Orc:1)
  3 manticores
  8 black mambas
  2 moths of wrath (Orc:1)
  15 cane toads
  6 rime drakes
  A torpor snail (Lair:6)
  An unseen horror (D:11)
  Psyche (D:7)
  12 komodo dragons
  A silent spectre (Orc:1)
  A wind drake (Lair:2)
  A hornet (Lair:4)
  2 polar bears
  8 trolls
  2 dream sheep (Lair:6)
  Prince Ribbit (D:8)
  Grinder (D:3)
  A spectral black mamba (Gauntlet)
  12 blink frogs
  A shadow (D:7)
  2 spriggans (Bailey)
  5 wyverns
  4 wraiths
  A ynoxinul (Gauntlet)
  39 yaks
  3 basilisks
  6 vampire mosquitoes
  Grum (D:10)
  A steam dragon (Lair:6)
  Menkaure (D:6)
  4 wargs
  7 acid dragons
  22 water moccasins
  Duvessa (D:7)
  Pargi (D:3)
  30 orc warriors
  A sky beast (D:6)
  4 ice beasts (D:6)
  7 black bears
  15 ogres
  40 wolves
  3 centaurs
  2 kobold brigands
  2 necrophages (D:6)
  8 bullfrogs
  A gnoll sergeant (D:11)
  3 scorpions (D:6)
  Dowan (D:7)
  5 wights (D:10)
  10 killer bees
  9 howler monkeys
  A lava snake (Lair:3)
  4 iron imps (Gauntlet)
  A jelly (D:5)
  5 hounds
  19 orc priests
  Crazy Yiuf (D:4)
  Natasha (thrice) (D:3)
  8 hell rats (Lair:4)
  17 orc wizards
  8 iguanas
  10 adders
  14 gnolls
  2 shadow imps
  2 ufetubi (D:6)
  2 worms
  2 dart slugs
  69 orcs
  3 endoplasms
  2 giant cockroaches
  5 goblins
  6 hobgoblins
  2 jackals (D:2)
  14 kobolds
  6 quokkas
  3 training dummies (D:8)
  6 ball pythons
  A ball python skeleton (D:3)
  4 bats
  A quokka zombie (D:3)
  6 rats
  A bush (Lair:5)
627 creatures vanquished.

Vanquished Creatures (others)
  29 fungi
  2 lurking horrors (Lair:1)
  26 plants
  2 withered plants (D:3)
59 creatures vanquished.

Grand Total: 686 creatures vanquished

Notes
Turn   | Place    | Note
-------+----------+-------------------------------------------
     0 | D:1      | Murumi the Minotaur Fighter began the quest for the Orb.
     0 | D:1      | Reached XP level 1. HP: 19/19 MP: 0/0
   114 | D:1      | Reached XP level 2. HP: 27/27 MP: 1/1
   536 | D:2      | Reached skill level 3 in Maces & Flails
   536 | D:2      | Reached skill level 1 in Dodging
   536 | D:2      | Reached XP level 3. HP: 9/33 MP: 2/2
   828 | D:2      | Identified the +1 scale mail of Untold Secrets {rC+ rN+
                  | Int+2}
  1392 | D:3      | Reached skill level 4 in Maces & Flails
  1454 | D:3      | Noticed Grinder
  1454 | D:3      | Noticed Natasha
  1468 | D:3      | Killed Grinder
  1469 | D:3      | Reached skill level 5 in Maces & Flails
  1469 | D:3      | Reached skill level 5 in Shields
  1469 | D:3      | Reached XP level 4. HP: 9/41 MP: 3/3
  1469 | D:3      | Reached XP level 5. HP: 10/47 MP: 4/4
  1469 | D:3      | Killed Natasha
  1470 | D:3      | Reached skill level 5 in Fighting
  1475 | D:3      | Reached XP level 6. HP: 11/56 MP: 5/5
  1842 | D:3      | Noticed Pargi
  1853 | D:3      | Killed Pargi
  1854 | D:3      | Reached skill level 5 in Armour
  2143 | D:3      | Found a faded altar of an unknown god.
  2270 | D:3      | Noticed Natasha
  2277 | D:3      | Killed Natasha
  2487 | D:3      | Noticed Natasha
  2490 | D:3      | Killed Natasha
  2491 | D:3      | Reached skill level 6 in Maces & Flails
  2597 | D:4      | Noticed a torpor snail
  2602 | D:4      | Found a snail-covered altar of Cheibriados.
  2602 | D:4      | Noticed a torpor snail
  2604 | D:4      | Noticed a torpor snail
  2659 | D:4      | Found a shadowy altar of Dithmenos.
  2735 | D:4      | Found a runed translucent door.
  2736 | D:4      | Noticed Crazy Yiuf
  3023 | D:4      | Reached XP level 7. HP: 51/61 MP: 6/6
  3416 | D:4      | Killed Crazy Yiuf
  3491 | D:5      | Entered Level 5 of the Dungeon
  3509 | D:5      | Noticed a vampire mosquito
  3515 | D:5      | Killed a vampire mosquito
  3590 | D:5      | Reached skill level 1 in Evocations
  3885 | D:5      | Reached XP level 8. HP: 64/70 MP: 7/7
  3964 | D:5      | Reached skill level 7 in Maces & Flails
  4131 | D:5      | Found a shimmering altar of Xom.
  4172 | D:5      | Found an iron altar of Okawaru.
  4241 | D:5      | Became a worshipper of Warmaster Okawaru
  4373 | D:5      | Found a white marble altar of Elyvilon.
  4412 | D:5      | Found a shimmering altar of Xom.
  4413 | D:5      | Found a shimmering altar of Xom.
  4414 | D:5      | Found a shimmering altar of Xom.
  4417 | D:5      | Found a shimmering altar of Xom.
  4553 | D:5      | Found a basalt altar of Yredelemnul.
  4692 | D:6      | Reached skill level 1 in Invocations
  4854 | D:6      | Reached * piety under Okawaru
  4895 | D:6      | Noticed Menkaure
  4906 | D:6      | Killed Menkaure
  4962 | D:6      | Found a staircase to the Ecumenical Temple.
  4994 | D:6      | Reached skill level 8 in Maces & Flails
  5011 | D:6      | Found Aliesif's General Store.
  5020 | D:6      | Reached XP level 9. HP: 79/79 MP: 9/9
  5025 | D:6      | Bought a scroll of identify for 26 gold pieces
  5025 | D:6      | Bought a potion of haste for 130 gold pieces
  5025 | D:6      | Bought a scroll of silence for 97 gold pieces
  5532 | D:7      | Found Cokoeset's Assorted Antiques.
  5754 | D:6      | Noticed a two-headed ogre
  5768 | D:6      | Killed a two-headed ogre
  5768 | D:6      | Reached ** piety under Okawaru
  5909 | D:6      | Noticed a troll
  5910 | D:6      | Noticed a four-headed hydra
  5919 | D:6      | Killed a four-headed hydra
  5920 | D:6      | Reached skill level 9 in Maces & Flails
  5928 | D:6      | Killed a troll
  6034 | D:6      | Reached *** piety under Okawaru
  6038 | D:6      | Reached XP level 10. HP: 84/91 MP: 11/11
  6045 | D:6      | Noticed an eight-headed hydra
  6055 | D:6      | Killed an eight-headed hydra
  6524 | D:7      | Reached **** piety under Okawaru
  6594 | D:7      | Reached skill level 10 in Maces & Flails
  7008 | D:7      | Noticed Duvessa
  7009 | D:7      | Noticed Dowan
  7018 | D:7      | Killed Duvessa
  7021 | D:7      | Killed Dowan
  7051 | D:7      | Reached skill level 10 in Shields
  7430 | D:8      | Found Kasef's Firing Range.
  7521 | D:8      | Noticed Psyche
  7563 | D:7      | Killed Psyche
  7564 | D:7      | Reached skill level 10 in Fighting
  7718 | D:8      | Identified the +0 pair of gloves of Absence {rPois Str+3
                  | Int-3}
  7847 | D:8      | Found an ornate altar of the Wu Jian Council.
  7847 | D:8      | Noticed Prince Ribbit
  7850 | D:8      | Killed Prince Ribbit
  8357 | D:7      | Bought a scroll of identify for 60 gold pieces
  8511 | D:9      | Reached skill level 10 in Armour
  8557 | D:9      | Found a flagged portal.
  8564 | Bailey   | Entered a bailey
  8597 | Bailey   | Reached ***** piety under Okawaru
  8609 | Bailey   | Reached XP level 11. HP: 60/99 MP: 13/13
  8952 | Bailey   | Reached skill level 5 in Dodging
  9116 | Bailey   | Noticed a two-headed ogre
  9128 | Bailey   | Killed a two-headed ogre
  9591 | D:9      | Reached skill level 11 in Maces & Flails
  9899 | D:10     | Entered Level 10 of the Dungeon
 10076 | D:10     | Noticed a two-headed ogre
 10085 | D:10     | Killed a two-headed ogre
 10149 | D:10     | Noticed Gastronok
 10163 | D:10     | Killed Gastronok
 10163 | D:10     | Identified the +6 crystal plate armour of Calculation
                  | {rPois Stlth+} (Okawaru gifted it to you on level 10 of the
                  | Dungeon)
 10163 | D:10     | Received a gift from Okawaru
 10268 | D:10     | Noticed Urug
 10270 | D:10     | Noticed Nergalle
 10284 | D:10     | Killed Urug
 10289 | D:10     | Killed Nergalle
 10361 | D:10     | Noticed Grum
 10369 | D:10     | Killed Grum
 10673 | D:10     | Found Taffeng's Antique Armour Emporium.
 10774 | D:10     | Reached skill level 12 in Maces & Flails
 10825 | D:10     | Found a bloodstained altar of Trog.
 10826 | D:10     | Found a stormy altar of Qazlal.
 10858 | D:10     | Found a hazy altar of Hepliaklqana.
 11004 | D:11     | Noticed a two-headed ogre
 11185 | D:11     | Noticed a brown ugly thing
 11197 | D:11     | Killed a brown ugly thing
 11226 | D:11     | Noticed a five-headed hydra
 11235 | D:11     | Killed a five-headed hydra
 11236 | D:11     | Reached XP level 12. HP: 65/110 MP: 11/14
 11869 | D:11     | Found a staircase to the Lair.
 12087 | D:11     | Found a staircase to the Orcish Mines.
 12142 | D:11     | Killed a two-headed ogre
 12617 | Lair:1   | Entered Level 1 of the Lair of Beasts
 12692 | Lair:1   | Identified the +2 chain mail of the Blessed Realm {rC+ rN+
                  | Str-4 Dex+6} (Okawaru gifted it to you on level 1 of the
                  | Lair of Beasts)
 12692 | Lair:1   | Received a gift from Okawaru
 12915 | Lair:1   | Found a corrupted altar of Lugonu.
 12915 | Lair:1   | Found a one-way gate to the infinite horrors of the Abyss.
 13562 | Lair:1   | Reached skill level 5 in Invocations
 13861 | Lair:2   | Reached skill level 13 in Maces & Flails
 13919 | Lair:2   | Noticed a death yak
 13920 | Lair:2   | Noticed a death yak
 13948 | Lair:2   | Noticed a death yak
 13948 | Lair:2   | Noticed a death yak
 13949 | Lair:2   | Noticed a death yak
 13972 | Lair:1   | Killed a death yak
 14124 | Lair:2   | Noticed a death yak
 14136 | Lair:1   | Killed a death yak
 14144 | Lair:1   | Killed a death yak
 14281 | Lair:1   | Killed a death yak
 14289 | Lair:1   | Killed a death yak
 14290 | Lair:1   | Reached XP level 13. HP: 79/119 MP: 10/15
 14587 | Lair:2   | Reached ****** piety under Okawaru
 14801 | Lair:2   | Identified the +1 crystal plate armour of Gestures {rC++
                  | Dex+8} (Okawaru gifted it to you on level 2 of the Lair of
                  | Beasts)
 14801 | Lair:2   | Received a gift from Okawaru
 14986 | Lair:2   | Found a staircase to the Shoals.
 15464 | Lair:3   | Found a hole to the Spider Nest.
 15628 | Lair:3   | Reached skill level 14 in Maces & Flails
 15629 | Lair:3   | Found a gate leading to a gauntlet.
 15644 | Gauntlet | Entered a Gauntlet
 15644 | Gauntlet | Found a transporter.
 15644 | Gauntlet | Found a transporter.
 15698 | Gauntlet | Found a runed translucent door.
 15701 | Gauntlet | Found a transporter.
 15703 | Gauntlet | Found a transporter.
 15711 | Gauntlet | Found a transporter.
 15716 | Gauntlet | Found a transporter.
 15732 | Gauntlet | Found a transporter.
 15737 | Gauntlet | Found a transporter.
 15747 | Gauntlet | Noticed a dire elephant
 15755 | Gauntlet | Found a transporter.
 15759 | Gauntlet | Found a transporter.
 15761 | Gauntlet | Found a runed translucent door.
 15763 | Gauntlet | Found a runed translucent door.
 15767 | Gauntlet | Found a transporter.
 15771 | Gauntlet | Found a transporter.
 15949 | Gauntlet | Killed a dire elephant
 16044 | Gauntlet | Noticed a minotaur
 16052 | Gauntlet | Killed a minotaur
 17332 | Lair:4   | Received a gift from Okawaru
 18393 | Lair:5   | Found a viscous altar of Jiyva.
 18394 | Lair:5   | Found a staircase to the Slime Pits.
 18787 | Lair:5   | Reached XP level 14. HP: 120/132 MP: 13/16
 18800 | Lair:5   | Reached skill level 5 in Evocations
 19244 | Lair:6   | Entered Level 6 of the Lair of Beasts
 19542 | Lair:6   | Received a gift from Okawaru
 19556 | Lair:6   | Reached skill level 15 in Maces & Flails
 20020 | Lair:6   | Reached skill level 15 in Shields
 20383 | Lair:6   | Received a gift from Okawaru
 20413 | Lair:6   | Reached skill level 15 in Fighting
 21024 | Orc:1    | Entered Level 1 of the Orcish Mines
 21057 | Orc:1    | Noticed an orc warlord
 21079 | Orc:1    | Killed an orc warlord
 21079 | Orc:1    | Noticed Maurice
 21324 | Orc:1    | Killed Maurice
 21325 | Orc:1    | Reached skill level 15 in Armour
 21403 | Orc:1    | Found a transporter.
 21545 | Orc:1    | Found a transporter.
 21545 | Orc:1    | Found a runed translucent door.
 21545 | Orc:1    | Found a bloodstained altar of Trog.
 21545 | Orc:1    | Found the +8 Wrath of Trog {antimagic, *Rage Rampage}
 21547 | Orc:1    | Noticed a deep elf sorcerer
 21547 | Orc:1    | Noticed a deep elf sorcerer
 21548 | Orc:1    | Noticed a deep elf elementalist
 21550 | Orc:1    | Noticed a stone giant
 21569 | Orc:1    | Killed a stone giant
 21671 | Orc:1    | Noticed a deep elf elementalist
 22340 | Orc:2    | Entered Level 2 of the Orcish Mines
 22392 | Orc:2    | Reached XP level 15. HP: 141/141 MP: 18/18
 22770 | Orc:2    | Found Vazol's Jewellery Boutique.
 22854 | Orc:2    | Found Rafruiguc's Antique Weapon Emporium.
 23036 | Orc:2    | Reached skill level 16 in Maces & Flails
 23036 | Orc:2    | Noticed Saint Roka
 23052 | Orc:2    | Identified the -3 hat of Megafa {*Corrode rPois Dex+5}
                  | (Okawaru gifted it to you on level 2 of the Orcish Mines)
 23052 | Orc:2    | Received a gift from Okawaru
 23062 | Orc:2    | Killed Saint Roka
 23063 | Orc:2    | Reached skill level 10 in Dodging
 23077 | Orc:2    | Found Ocecipli's Antique Weapon Shop.
 23211 | Orc:2    | Found Jih Zair's Antique Armour Boutique.
 23502 | Orc:2    | Found a staircase to the Elven Halls.
 23682 | Orc:1    | Killed a deep elf sorcerer
 23685 | Orc:1    | Killed a deep elf sorcerer
 24768 | D:13     | Noticed Frances
 24773 | D:13     | Killed Frances
 24781 | D:13     | Paralysed by an ogre mage for 5 turns
 24785 | D:13     | Slain by a two-headed ogre

Illustrated notes

Levels and vault maps discovered:
D:1:      psy_arrival_whirlpool, layout_rooms, minmay_hexomino_u4
D:2:      layout_loops_ring
D:3:      layout_basic, serial_undead, serial_undead_b, serial_undead_c,
          serial_undead_e, serial_undead_f, shapermc_ecumenical_altar_venn,
          nrook_loot_triangle, uniq_grinder, uniq_natasha, uniq_pargi
D:4:      layout_loops_ring, cheibriados_altar_2,
          mainiacjoe_overflow_cross_hatched, uniq_crazy_yiuf_cottage
D:5:      layout_loops_ring, kennysheep_ying_yang, okawaru_ov_weapons_minmay,
          xom_redecorated, minmay_chambers_of_fives
D:6:      minmay_klotski, layout_loops_ring, minmay_temple_entry_trees,
          serial_shops, nicolae_shop_temple_entry_statues_fountains, hex_tiny,
          kennysheep_crisscross, uniq_menkaure
D:7:      minmay_chambers_of_sixes, layout_basic, serial_shops,
          nicolae_inconvenience_store, uniq_duvessa
D:8:      layout_loops_ring, nzn_wu_jian_contemplation,
          nicolae_shop_firing_range, uniq_psyche, uniq_prince_ribbit1
D:9:      layout_layer_cave, enter_bailey_2
D:10:     layout_gridville, worldfamousw_hep_ancestral_shrine,
          nicolae_overflow_squiral, serial_shops, nicolae_shop_behind_doors,
          uniq_gastronok, uniq_grum, uniq_urug, uniq_nergalle
D:11:     layout_loops_corners, lair_entry_dummy, orc_0_dummy
D:12:     layout_irregular_city, serial_co_window_serial, co_window_paths_a,
          co_window_paths_a, co_window_corner_a, co_window_paths_b,
          co_window_corner_a, co_window_paths_b, co_window_paths_b,
          co_window_2corner, co_window_broadway_c, co_window_corner_b,
          co_window_4corner_b, co_window_4corner_a, glass_columns_b,
          glass_columns_a, glass_columns_a, glass_columns_b, glass_columns_c,
          minmay_misc_feat_roman
D:13:     layout_basic, nicolae_uskayaw_murder_on_the_dancefloor, uniq_frances
Lair:1:   layout_small_grid, amcnicky_altar_lugonu_corruption
Lair:2:   layout_cave_shapes, minmay_shoals_entry_beasts, grunt_megastairs_3,
          lemuel_fruit_tree
Lair:3:   layout_gridlike, spider_nest_entry_web_field, gauntlet_entry_generic,
          grunt_megastairs_5, infiniplex_staircase_pool_2
Lair:4:   layout_cave_pods, grunt_megastairs_1
Lair:5:   layout_hall_layers, slime_altar_1, minmay_lair_oklob_bushes
Lair:6:   hangedman_lair_in_review, layout_regular_city,
          guppyfry_lair_end_dragon, small_statue_intersection
Orc:1:    emtedronai_trogs_sanctum, layout_caves, uniq_maurice
Orc:2:    grunt_orc_community_town_hall, layout_caves,
          grunt_orc_community_big_house_1, grunt_orc_community_big_house_1,
          grunt_orc_community_house_3, grunt_orc_community_house_1,
          grunt_orc_community_house_1, grunt_orc_community_house_1, basic_altar

Skill      XL: |  1  2  3  4  5  6  7  8  9 10 11 12 13 14 15 |
---------------+----------------------------------------------+-----
Shields        | 4 5 6 7 9 10 12 13 14 15 | 15.5
Fighting       | 4 5 6 7 9 10 11 12 14 15 | 15.0
Armour         | 4 5 6 7 8 10 11 12 14 15 | 15.0
Maces & Flails | 3 5 6 8 9 10 12 13 14 15 16 | 16.0
Dodging        | 1 2 3 4 5 6 7 8 13 | 13.0
Evocations     | 2 3 4 5 |  5.0
Invocations    | 2 3 4 5 6 |  6.0

Action                   |  1- 3 |  4- 6 |  7- 9 | 10-12 | 13-15 || total
-------------------------+-------+-------+-------+-------+-------++-------
Melee: Flail             |    78 |    85 |   173 |   206 |       ||   542
       Headbutt          |     8 |     8 |    30 |   132 |   246 ||   424
       Morningstar       |       |       |       |   364 |   292 ||   656
       Eveningstar       |       |       |       |       |   710 ||   710
Invok: Heroism           |       |       |     1 |     4 |     9 ||    14
       Finesse           |       |       |       |       |     4 ||     4
Evoke: Wand              |       |       |       |     2 |       ||     2
       Tin of tremorston |       |       |       |       |     2 ||     2
       Condenser vane    |       |       |       |       |     1 ||     1
  Use: Scroll            |     4 |     9 |     9 |    11 |     4 ||    37
       Potion            |     1 |       |       |       |     1 ||     2
 Stab: Held in net/web   |       |       |       |       |     1 ||     1
       Petrified         |       |       |       |       |     8 ||     8
       Invisible         |       |       |       |       |     2 ||     2
Armor: Scale mail        |    29 |    39 |    29 |       |       ||    97
       Plate armour      |       |       |    67 |    91 |       ||   158
       Skin              |       |       |       |     4 |       ||     4
       Crystal plate arm |       |       |       |   156 |   489 ||   645
Dodge: Dodged            |    34 |    39 |    56 |   127 |   310 ||   566
Block: Buckler           |    15 |    22 |    41 |    73 |       ||   151
       Tower shield      |       |       |       |   332 |   988 ||  1320

Table legend: (Time is in decaauts)
 A = Elapsed time spent in this place.
 B = Non-inter-level travel time spent in this place.
 C = Inter-level travel time spent in this place.
 D = Time resting spent in this place.
 E = Time spent auto-exploring this place.
 F = Levels seen in this place.
 G = Mean time per level.
                   A        B        C        D        E       F      G
               +--------+--------+--------+--------+--------+-----+--------+
         Total |  24903 |  22770 |   2133 |   1375 |  17343 |  23 | 1082.7 |
       Dungeon |  13179 |  11865 |   1314 |    622 |   9484 |  13 | 1013.8 |
          Lair |   7903 |   7276 |    627 |    122 |   5761 |   6 | 1317.2 |
  Orcish Mines |   2555 |   2364 |    191 |    349 |   1377 |   2 | 1277.5 |
        Bailey |    760 |    760 |      0 |    282 |    372 |   1 |  760.0 |
      Gauntlet |    503 |    503 |      0 |      0 |    348 |   1 |  503.0 |
               +--------+--------+--------+--------+--------+-----+--------+

Top non-repeatable levels by time:
    D:11: 1873 daAuts
  Lair:1: 1789 daAuts
  Lair:6: 1610 daAuts
     D:6: 1591 daAuts
  Lair:4: 1461 daAuts
     D:7: 1414 daAuts
     D:2: 1313 daAuts
   Orc:2: 1298 daAuts
   Orc:1: 1257 daAuts
     D:4: 1110 daAuts
    D:10: 1091 daAuts
  Lair:2: 1068 daAuts
  Lair:5: 1026 daAuts
     D:5: 997 daAuts
  Lair:3: 947 daAuts
